 Dungeon Crawl Stone Soup version 0.20.2-3-g29329e0561 (webtiles) character file.

775 Alfie the Cutter (level 7, -6/60 HPs)
             Began as a Hill Orc Fighter on Mar 4, 2024.
             Killed by divine providence
             ... invoked by an orc priest
              (17 damage)
             ... on level 3 of the Dungeon.
             The game lasted 00:06:36 (1743 turns).

Alfie the Cutter (Hill Orc Fighter)                 Turns: 1743, Time: 00:06:37

Health: -6/60      AC:  7    Str: 21    XL:     7   Next: 84%
Magic:  7/7        EV:  8    Int:  8    God:
Gold:   133        SH:  9    Dex: 10    Spells: 6/6 levels left

rFire    x . .     SeeInvis .   a - +0 rapier
rCold    + . .     Gourm    .   c - +0 shield
rNeg     . . .     Faith    .   b - +0 scale mail
rPois    .         Spirit   .   (no helmet)
rElec    .         Reflect  .   (no cloak)
rCorr    .         Harm     .   (no gloves)
MR       .....                  (no boots)
Stlth    ..........             (no amulet)
Regen    0.2/turn               e - +2 ring of slaying
MPRegen  0.1/turn               i - ring of ice

@: no status effects
A: no striking features
a: Convert to Beogh


You were on level 3 of the Dungeon.
You were not hungry.

You visited 1 branch of the dungeon, and saw 3 of its levels.

You collected 133 gold pieces.

Inventory:

Hand Weapons
 a - a +0 rapier (weapon)
Missiles
 l - 7 tomahawks (quivered)
Armour
 b - a +0 scale mail (worn)
 c - a +0 shield (worn)
Jewellery
 e - a +2 ring of slaying (left hand)
 i - a ring of ice (right hand)
Scrolls
 h - a scroll of enchant weapon {unknown}
 m - a scroll of teleportation {unknown}
 n - a scroll of amnesia {unknown}
 o - a scroll of blinking {unknown}
 q - a scroll of identify {unknown}
Potions
 d - a potion of brilliance {unknown}
 g - a potion of degeneration {unknown}
 j - a potion of curing
 p - a potion of flight {unknown}
Comestibles
 f - 3 bread rations
 k - a fruit


   Skills:
 + Level 4.4 Fighting
 + Level 5.5 Short Blades
 + Level 2.7 Throwing
 + Level 5.0 Armour
 + Level 1.6 Dodging
 + Level 0.5 Stealth
 + Level 4.6 Shields


You had 6 spell levels left.
You didn't know any spells.

Dungeon Overview and Level Annotations

Branches:
Dungeon (3/15)

Altars:
The Shining One


Message History

You hit the orc priest.
The orc priest is lightly wounded.
The orc wizard casts a spell.
The orc wizard flickers and vanishes!
Deactivating autopickup; reactivate with Ctrl-A.
You block the orc priest's attack.
The orc priest shouts, "Beogh is our master!
Accept the truth or die!"
You hit the orc priest but do no damage.
The orc priest threatens, "By the altar or by the axe, you will meet Beogh!"
The orc priest is lightly wounded.
Something hits you but does no damage.
The orc priest hits you but does no damage.
You hit the orc priest.
The orc priest is lightly wounded.
Something hits you but does no damage.
You hit the orc priest.
The orc priest is heavily wounded.
The orc priest calls down the wrath of Beogh upon you.
Beogh smites you!
You die...

.....#..........##
#..#)##...#.###
###....##..##.# ##
#........(........
...###.#....##.####
## #...#..# ##..
#####..##..## #..
#.{....##..##.##..
#@####....###.....
#o# ##...##...#..
#..# #...#..#...
#..## ..........
#.# .##.#.##.# ..
## #...##.. .#.
#..####..... ...
........##.. ## #
............


You could see an orc priest.

Vanquished Creatures
  A two-headed ogre (D:3)
  2 orc wizards (D:3)
  A gnoll (D:1)
  An adder (D:2)
  2 oozes
  A worm (D:2)
  11 orcs (D:3)
  A ball python (D:3)
  6 bats
  5 giant cockroaches
  5 goblins
  8 hobgoblins
  6 jackals (D:2)
  5 kobolds
  2 quokkas
  3 frilled lizards
  7 rats
67 creatures vanquished.

Notes
Turn   | Place    | Note
-------+----------+-------------------------------------------
     0 | D:1      | Alfie the Hill Orc Fighter began the quest for the Orb.
     0 | D:1      | Reached XP level 1. HP: 19/19 MP: 1/1
   128 | D:1      | Reached XP level 2. HP: 26/27 MP: 2/2
   524 | D:1      | Reached XP level 3. HP: 32/33 MP: 3/3
  1178 | D:2      | Reached XP level 4. HP: 40/40 MP: 4/4
  1312 | D:2      | Found a glowing golden altar of the Shining One.
  1573 | D:3      | Reached XP level 5. HP: 27/46 MP: 5/5
  1618 | D:3      | Noticed a two-headed ogre
  1628 | D:3      | Killed a two-headed ogre
  1628 | D:3      | Reached skill level 5 in Short Blades
  1628 | D:3      | Reached skill level 1 in Dodging
  1628 | D:3      | Reached XP level 6. HP: 35/53 MP: 6/6
  1628 | D:3      | Reached XP level 7. HP: 40/60 MP: 7/7
  1664 | D:3      | Found a faded altar of an unknown god.
  1672 | D:3      | Reached skill level 5 in Armour
  1743 | D:3      | Killed from afar by an orc priest

Skill      XL: |  1  2  3  4  5  6  7 |
---------------+----------------------+-----
Fighting       | 4 |  4.4
Short Blades   | 3 5 |  5.5
Throwing       | 2 |  2.7
Armour         | 4 5 |  5.0
Dodging        | 1 |  1.6
Shields        | 4 |  4.6
Stealth        | |  0.5

Action                   |  1- 3 |  4- 6 |  7- 9 || total
-------------------------+-------+-------+-------++-------
Melee: Rapier            |    97 |    71 |    31 ||   199
Throw: Tomahawk          |     6 |    16 |       ||    22
  Use: Scroll            |       |     1 |       ||     1
       Potion            |       |     1 |       ||     1
  Eat: Fruit             |     1 |     2 |       ||     3
Armor: Scale mail        |    58 |    26 |    12 ||    96
Dodge: Dodged            |    35 |    14 |     6 ||    55
Block: Shield            |    59 |    27 |    13 ||    99
